 Dungeon Crawl Stone Soup version 0.18-a0-1311-g779ca93 (webtiles) character file.

16380 JustSomeDude the Blocker (level 12, -1/74 HPs)
             Began as a Demonspawn Fighter on Feb 6, 2016.
             Killed from afar by a deep elf mage (31 damage)
             ... with a bolt of lightning
             ... on level 13 of the Dungeon on Feb 13, 2016.
             The game lasted 00:38:09 (12706 turns).

JustSomeDude the Blocker (Demonspawn Fighter)      Turns: 12706, Time: 00:38:11

Health: -1/74      AC: 18    Str: 19    XL:     12   Next: 9%
Magic:  12/12      EV: 12    Int: 10    God:
Gold:   829        SH: 16    Dex: 13    Spells: 0 memorised, 11 levels left

rFire  + + +     SeeInvis .     z - +3 scimitar (freeze)
rCold  . . .     Gourm    .     h - +1 scale mail {rF+}
rNeg   . . .     Faith    .     c - +0 shield
rPois  .         Spirit   .     (no helmet)
rElec  .         Dismiss  .     (no cloak)
rCorr  .         Reflect  +     B - +0 pair of gloves
SustAt .         Harm     .     (no boots)
MR     .....     Clarity  +     k - +4 amulet of reflection
Stlth  +.........               (no ring)
                                j - ring of fire

@: not resistant to hostile enchantments, very unstealthy
A: fangs 1, talons 1, iridescent scales 3, blurry vision 1, clarity, clumsy 1,
cold resistance 1, demonic guardian 1, fire resistance 1, frail 2, subdued magic
1
a: no special abilities


You were on level 13 of the Dungeon.
You were not hungry.

You visited 1 branch of the dungeon, and saw 13 of its levels.

You collected 829 gold pieces.

Inventory:

Hand Weapons
 z - a +3 scimitar of freezing (weapon)
Missiles
 w - 12 tomahawks (quivered)
Armour
 c - a +0 shield (worn)
 h - a +1 scale mail of fire resistance (worn)
 B - a +0 pair of gloves (worn)
Jewellery
 e - an uncursed amulet of faith
 j - a ring of fire (left hand)
 k - a +4 amulet of reflection (around neck)
 G - an uncursed ring of poison resistance {unknown}
Wands
 p - a wand of confusion (17/48)
 r - a wand of slowing (12/48)
 s - a wand of paralysis (0/24)
 v - a wand of random effects (16/48)
 x - a wand of teleportation (4/9)
 y - a wand of iceblast (2/15)
 D - a wand of flame (27/48)
 F - a wand of heal wounds (4/9)
Scrolls
 i - 9 scrolls of identify
 n - 3 scrolls of teleportation
 q - a scroll of enchant armour
 t - a scroll of recharging {unknown}
 C - 6 scrolls of remove curse
Potions
 a - 2 potions of flight
 g - a potion of agility
Books
 d - a Young Poisoner's Handbook

   Spells                             Type                      Level
   a - Sting                          Conjuration/Poison           1
   b - Cure Poison                    Poison                       2
   c - Mephitic Cloud                 Conjuration/Poison/Air       3
   d - Olgreb's Toxic Radiance        Poison                       4
   e - Venom Bolt                     Conjuration/Poison           5
 l - a book of Spatial Translocations

   Spells                             Type                      Level
   a - Apportation                    Translocation                1
   b - Blink                          Translocation                2
   c - Shroud of Golubria             Charms/Translocation         2
   d - Portal Projectile              Translocation                3
   e - Teleport Other                 Translocation                3
   f - Passage of Golubria            Translocation                4
 m - a book of Transfigurations

   Spells                             Type                      Level
   a - Irradiate                      Conjuration/Transmutation    5
   b - Statue Form                    Transmutation/Earth          6
   c - Hydra Form                     Transmutation                6
   d - Dragon Form                    Transmutation                7
 o - a book of Enchantments

   Spells                             Type                      Level
   a - Cause Fear                     Hexes                        4
   b - Yara's Violent Unravelling     Hexes/Transmutation          5
   c - Silence                        Hexes/Air                    5
   d - Deflect Missiles               Charms/Air                   6
   e - Haste                          Charms                       6
   f - Discord                        Hexes                        8
 A - a book of Summonings

   Spells                             Type                      Level
   a - Recall                         Summoning/Translocation      3
   b - Aura of Abjuration             Summoning                    5
   c - Summon Demon                   Summoning                    5
   d - Summon Forest                  Summoning/Translocation      5
   e - Summon Mana Viper              Hexes/Summoning              5
   f - Shadow Creatures               Summoning                    6
Comestibles
 b - 6 meat rations
 f - 15 bread rations
 u - 8 fruits
 E - a beef jerky
 H - 4 chunks of flesh


   Skills:
 + Level 8.2 Fighting
 + Level 9.3 Long Blades
 + Level 6.4 Armour
 + Level 7.5 Dodging
 + Level 2.8 Stealth
 + Level 10.6 Shields
 + Level 0.4 Evocations


You had 11 spell levels left.
You didn't know any spells.

Dungeon Overview and Level Annotations

Branches:
Dungeon (13/15)            Temple (0/1) D:6            Lair (0/8) D:10
    Orc (0/2) D:10
 Vaults: D:13-14

Altars:
Ashenzari
Dithmenos
Elyvilon
Gozag
Makhleb
Okawaru
Qazlal
Trog
Xom
Yredelemnul
Zin

Shops:
D:4 *   D:8 (

Annotations:
D:10 exclusion: oklob plant


Innate Abilities, Weirdness & Mutations

You have sharp toenails.
You are completely covered in iridescent scales (AC +8).
Your flesh is cold resistant.
A weak demonic guardian rushes to your aid.
You have very sharp teeth.
Scrolls take you a little longer to read.
You possess an exceptional clarity of mind.
You are clumsy. (Dex -2)
Your flesh is heat resistant.
You are very frail (-20% HP).
Your spells are a little easier to cast, but a little less powerful.


Message History

The deep elf mage points at you and mumbles some strange words.
The bolt of lightning hits you!
Your white imp gestures at the deep elf mage.
The puff of frost hits the deep elf mage.
The deep elf mage gestures at you while chanting.
The bolt of lightning hits you!
Found a stone staircase leading up.
The deep elf mage hits you but does no damage.
You miss the deep elf mage.
You claw the deep elf mage, but do no damage.
Your bite misses the deep elf mage.
The deep elf mage is lightly wounded.
Your white imp barely misses the deep elf mage.
You hit the deep elf mage. You freeze the deep elf mage.
The deep elf mage is moderately wounded.
Your white imp gestures at the deep elf mage.
The puff of frost misses the deep elf mage.
The deep elf mage casts a spell at you. The bolt of lightning hits you!
You die...

. .. .<. ....
########.....
#.<.......#
#....@....#
#....5e...#
#....5....#
#.........#
#.........#
###########


You could see a deep elf mage and 2 friendly white imps.

Vanquished Creatures
  A centaur warrior (D:12)
  2 hill giants
  A deep elf mage (D:12)
  An ugly thing (D:12)
  A cyclops (D:11)
  A manticore (D:11)
  The ghost of kae the Carver, a novice MiFi of Qazlal (D:3)
  Joseph (D:7)
  5 trolls
  A spriggan (D:7)
  20 yaks
  A wraith (D:11)
  4 vampire mosquitoes (D:12)
  3 hippogriffs
  2 orc warriors
  A water moccasin (D:7)
  4 black bears
  7 sky beasts
  4 ice beasts
  2 necrophages
  2 phantoms
  5 centaurs
  4 ogres
  A big kobold (D:9)
  Blork the orc (D:5)
  4 giant frogs
  A gnoll sergeant (D:8)
  A water moccasin zombie (D:8)
  3 scorpions
  7 wights
  19 killer bees
  2 giant frog zombies
  A centaur zombie (D:9)
  6 crimson imps
  3 centaur skeletons
  2 quasits
  4 hounds
  4 giant frog skeletons
  A jelly (D:12)
  2 orc priests
  4 iguanas
  7 orc wizards
  6 worker ants
  2 hound zombies
  A worker ant zombie (D:7)
  6 gnolls (D:8)
  13 adders
  3 shadow imps (D:9)
  An ooze (D:3)
  2 adder zombies
  5 worms
  8 giant geckos
  39 orcs
  4 ball pythons
  7 bats
  6 giant cockroaches
  5 goblins
  5 hobgoblins
  8 jackals
  7 quokkas
  2 giant gecko zombies
  7 giant newts
  19 kobolds
  A quokka skeleton (D:5)
  5 rats
  A bush (D:1)
  2 fungi (D:5)
312 creatures vanquished.

Vanquished Creatures (collateral kills)
  A hill giant (D:12)
  An ugly thing (D:11)
  A centaur skeleton (D:12)
  2 yaks
  A black bear (D:7)
  An ogre (D:5)
  A big kobold (D:9)
  A killer bee (D:12)
  A worker ant (D:7)
  2 orcs
  A jackal (D:8)
  A kobold (D:9)
14 creatures vanquished.

Vanquished Creatures (others)
  3 centaurs
  An adder (D:12)
4 creatures vanquished.

Grand Total: 330 creatures vanquished

Notes
Turn   | Place    | Note
--------------------------------------------------------------
     0 | D:1      | JustSomeDude the Demonspawn Fighter began the quest for the Orb.
     0 | D:1      | Reached XP level 1. HP: 18/18 MP: 1/1
   255 | D:1      | Gained mutation: You have sharp toenails. [demonic ancestry]
   255 | D:1      | Reached XP level 2. HP: 24/24 MP: 2/2
  1165 | D:2      | Reached XP level 3. HP: 29/29 MP: 3/3
  1368 | D:2      | Reached skill level 1 in Dodging
  1400 | D:2      | Found a glowing silver altar of Zin.
  1400 | D:2      | Found an opulent altar of Gozag.
  1401 | D:2      | Found a shimmering altar of Xom.
  1416 | D:2      | Found a white marble altar of Elyvilon.
  1747 | D:2      | Found a burning altar of Makhleb.
  1937 | D:2      | Found a shattered altar of Ashenzari.
  1971 | D:2      | Gained mutation: You are partially covered in iridescent scales (AC +4). [demonic ancestry]
  1971 | D:2      | Reached XP level 4. HP: 35/35 MP: 4/4
  2127 | D:3      | Noticed kae's ghost (novice MiFi)
  2140 | D:3      | Killed kae's ghost
  2140 | D:3      | Reached skill level 4 in Shields
  2140 | D:3      | Reached XP level 5. HP: 21/42 MP: 5/5
  2140 | D:3      | Gained mutation: You are mostly covered in iridescent scales (AC +6). [demonic ancestry]
  2140 | D:3      | Reached XP level 6. HP: 24/48 MP: 6/6
  2491 | D:3      | Found an opulent altar of Gozag.
  3094 | D:4      | Found Toonnoor's Assorted Antiques.
  3232 | D:4      | Noticed a sky beast
  3244 | D:4      | Killed a sky beast
  3244 | D:4      | Gained mutation: A weak demonic guardian rushes to your aid. [demonic ancestry]
  3244 | D:4      | Reached XP level 7. HP: 54/54 MP: 7/7
  3255 | D:4      | Gained mutation: You have a pair of small horns on your head. [mutagenic meat]
  3256 | D:4      | Gained mutation: You are robust (+10% HP). [mutagenic meat]
  3257 | D:4      | Gained mutation: Scrolls take you a little longer to read. [mutagenic meat]
  3258 | D:4      | Gained mutation: Your flesh is cold resistant. [mutagenic meat]
  3521 | D:4      | Reached skill level 1 in Stealth
  3854 | D:5      | Entered Level 5 of the Dungeon
  3957 | D:5      | Reached skill level 5 in Shields
  4073 | D:5      | Found a shadowy altar of Dithmenos.
  4367 | D:5      | Gained mutation: Your flesh is very cold resistant. [demonic ancestry]
  4367 | D:5      | Reached XP level 8. HP: 54/67 MP: 8/8
  4388 | D:5      | Lost mutation: Scrolls take you a little longer to read. [potion of cure mutation]
  4388 | D:5      | Lost mutation: Your flesh is very cold resistant. [potion of cure mutation]
  4388 | D:5      | Lost mutation: You have a pair of small horns on your head. [potion of cure mutation]
  4388 | D:5      | Lost mutation: You are robust (+10% HP). [potion of cure mutation]
  4444 | D:5      | Upgraded the game from 0.18-a0-1267-gff090c1 to 0.18-a0-1285-g60d00e1
  4701 | D:5      | Noticed Blork the orc
  4716 | D:5      | Killed Blork the orc
  4716 | D:5      | Reached skill level 6 in Shields
  4917 | D:6      | Found an iron altar of Okawaru.
  5014 | D:6      | Found a bloodstained altar of Trog.
  5638 | D:6      | Found a staircase to the Ecumenical Temple.
  5731 | D:7      | Reached skill level 5 in Long Blades
  5770 | D:7      | Reached XP level 9. HP: 59/67 MP: 9/9
  5809 | D:7      | Reached skill level 5 in Fighting
  6112 | D:7      | Upgraded the game from 0.18-a0-1285-g60d00e1 to 0.18-a0-1300-g6e8322c
  6154 | D:7      | Reached skill level 7 in Shields
  6389 | D:7      | Noticed Joseph
  6401 | D:7      | Killed Joseph
  6401 | D:7      | Reached skill level 5 in Dodging
  6487 | D:7      | Reached skill level 5 in Armour
  6722 | D:8      | Found Ypuocoq's Antique Weapon Boutique.
  7165 | D:8      | Found a basalt altar of Yredelemnul.
  7437 | D:9      | Reached XP level 10. HP: 74/76 MP: 10/10
  7456 | D:9      | Reached skill level 8 in Shields
  7492 | D:8      | Gained mutation: Your body sometimes deteriorates upon taking damage. [mutagenic meat]
  7493 | D:8      | Lost mutation: Your body sometimes deteriorates upon taking damage. [mutagenic meat]
  7494 | D:8      | Gained mutation: You are clumsy. (Dex -2) [mutagenic meat]
  7495 | D:8      | Gained mutation: You possess an exceptional clarity of mind. [mutagenic meat]
  7496 | D:8      | Gained mutation: You are frail (-10% HP). [mutagenic meat]
  8363 | D:9      | Gained mutation: Your flesh is heat resistant. [mutagenic meat]
  8364 | D:9      | Gained mutation: You have very sharp teeth. [mutagenic meat]
  8365 | D:9      | Gained mutation: You evolve. [mutagenic meat]
  8366 | D:9      | Gained mutation: You are completely covered in iridescent scales (AC +8). [mutagenic meat]
  8367 | D:9      | Gained mutation: Scrolls take you a little longer to read. [mutagenic meat]
  8368 | D:9      | Gained mutation: You are very frail (-20% HP). [mutagenic meat]
  8566 | D:10     | Entered Level 10 of the Dungeon
  8635 | D:10     | Found a staircase to the Orcish Mines.
  8748 | D:10     | Noticed an oklob plant
  9097 | D:10     | Reached skill level 9 in Shields
  9386 | D:10     | Found a staircase to the Lair.
  9614 | D:10     | Reached XP level 11. HP: 36/67 MP: 11/11
  9878 | D:11     | Noticed a cyan ugly thing
  9906 | D:11     | Killed a cyan ugly thing
 10166 | D:11     | Upgraded the game from 0.18-a0-1300-g6e8322c to 0.18-a0-1303-g41c131c
 11209 | D:11     | Noticed a hill giant
 11216 | D:11     | Killed a hill giant
 11300 | D:11     | Reached skill level 10 in Shields
 11396 | D:12     | Found a stormy altar of Qazlal.
 11398 | D:12     | Noticed a hill giant
 11427 | D:12     | Killed a hill giant
 11434 | D:12     | HP: 2/68 [killer bee (6)]
 11839 | D:12     | Noticed a hill giant
 11846 | D:12     | Killed a hill giant
 11976 | D:12     | Noticed a centaur warrior
 12298 | D:12     | Gained mutation: Your spells are a little easier to cast, but a little less powerful. [evolution]
 12298 | D:12     | Lost mutation: You evolve. [end of evolution]
 12325 | D:12     | Upgraded the game from 0.18-a0-1303-g41c131c to 0.18-a0-1311-g779ca93
 12337 | D:12     | Noticed a red ugly thing
 12360 | D:12     | Killed a red ugly thing
 12445 | D:12     | Killed a centaur warrior
 12445 | D:12     | Mutation became permanent: You are completely covered in iridescent scales (AC +8). [demonic ancestry]
 12445 | D:12     | Reached XP level 12. HP: 49/73 MP: 12/12
 12706 | D:13     | Killed from afar by a deep elf mage

Vault maps used:
D:1:      dpeg_arrival_prison, serial_forest, infiniplex_forest_clump_double,
          infiniplex_forest_lined_corner, infiniplex_forest_clump_medium,
          infiniplex_forest_corner_2, infiniplex_forest_lined_room_2,
          infiniplex_forest_clump_cross, infiniplex_forest_zigzag_1
D:2:      nicolae_overflow_quartered_altars, lightli_temple_of_fire,
          evilmike_ruin_ashenzari
D:3:      grunt_ministairs_13, wad_floor_pattern_1, minmay_misc_feat_doors,
          nicolae_gozag_seed_capital
D:4:      first_bread, serial_shops, nicolae_shop_trees, dk_noncrumbling_4
D:5:      marbit_many_paths, hangedman_decor_push, minmay_gold_behind_fungi,
          uniq_blork_the_orc
D:6:      overflow_temple_1_default, kennysheep_mini, minmay_temple_entry_fiery
D:7:      the_bakery, st_stairs_4, minivault_23, uniq_joseph
D:8:      basic_altar, serial_shops, shop
D:10:     kennysheep_ambush_hall, dpeg_oklobed_lair, orc_0_dummy
D:12:     basic_altar, minmay_misc_feat_tower
D:13:     lightli_vaults_fourway_checkpoint, kennysheep_generic_room_10

Action                   |  1- 3 |  4- 6 |  7- 9 | 10-12 || total
-------------------------+-------+-------+-------+-------++-------
Melee: Long sword        |   259 |   171 |   107 |       ||   537
       Scimitar          |       |       |   388 |   670 ||  1058
Evoke: Wand              |       |       |       |     3 ||     3
  Use: Potion            |       |     3 |     9 |     6 ||    18
       Scroll            |       |       |     6 |     3 ||     9
 Stab: Invisible         |       |       |       |     3 ||     3
       Distracted        |       |       |       |     4 ||     4
       Paralysed         |       |       |       |     3 ||     3
  Eat: Chunk             |     4 |     2 |    13 |    25 ||    44
       Beef jerky        |       |     2 |       |     2 ||     4
       Bread ration      |       |       |     1 |       ||     1
       Fruit             |       |       |       |     1 ||     1
       Pizza             |       |       |       |     1 ||     1
